AoeStats
← Fazzz7z

Fortress

507114426Analyzed
2v2 RM · 16d ago on Sep 16, 2026· 25m 37s· 4 players
Game mode
Random Map
Map size
Normal (6 player)
Population
200
Speed
Normal
Resources
Standard
Victory
Conquest
Starting age
Dark Age
Ending age
Imperial Age
RankedLock teamsTeams togetherTeam positionsShared explorationLock speedFull tech treeHidden civsTurbo modeCheats
Victory
Defeat
🇧🇷 Turks · Brazil
1536
+13
🇬🇧 Italians · United Kingdom
1408
+17
🇲🇽 Italians · Mexico
1497
-17
🇬🇧 Persians · United Kingdom
1409
-13
VL Marcelsanz
7:54 Feudal Age
8:53 Double-Bit Axe
8:53 Horse Collar
11:36 Castle Age
11:22 Loom
12:53 Bow Saw
17:44 Crossbowman
19:38 Fletching
20:38 Wheelbarrow
19:54 Town Watch
20:43 Ballistics
20:59 Bodkin Arrow
21:16 Padded Archer Armor
22:13 Gold Mining
22:54 Leather Archer Armor
24:28 Thumb Ring
28:26 Imperial Age
26:11 Hand Cart
Kerrminator
7:04 Feudal Age
11:26 Castle Age
9:48 Double-Bit Axe
10:19 Horse Collar
12:07 Bow Saw
12:08 Heavy Plow
16:49 Fletching
16:53 Elite Skirmisher
19:41 Bodkin Arrow
22:15 Scale Barding Armor
22:26 Loom
22:30 Town Watch
血刃
8:04 Feudal Age
12:25 Castle Age
15:56 Imperial Age
15:42 Loom
18:12 Double-Bit Axe
Fazzz7z
7:35 Feudal Age
7:44 Feudal Age
8:48 Double-Bit Axe
11:37 Castle Age
9:52 Horse Collar
10:33 Gold Mining
12:55 Bow Saw
18:34 Wheelbarrow
17:45 Loom
19:00 Fervor
18:49 Town Watch
20:26 Hand Cart
20:17 Fletching
21:08 Stone Mining
24:54 Imperial Age
22:30 Crossbowman
25:21 Bodkin Arrow
25:27 Padded Archer Armor
26:38 Two-Man Saw
25:39 Heavy Plow
Connection lost

Rejoining the realm…

Still unreachable

The connection could not be restored.

Session expired

The server has moved on; the page needs a fresh start.